BSA
GREENVILLE 84S @ ST. LOUIS BROWNS
09/24/2027
 
TOP OF THE 1ST
Greenville 84s batting - Pitching for St. Louis Browns : RHP Aaron Palmer
Pitching: RHP Aaron Palmer
Batting: RHB Carlos Torres 0-0: Ball
1-0: Called Strike
1-1: Ball
2-1: Foul Ball, location: 2F
2-2: Strikes out swinging
Batting: LHB Chris Moore 0-0: Ball
1-0: Foul Ball, location: 2F
1-1: Ball
2-1: Swinging Strike
2-2: Ball
3-2: Fly out, F8 (Flyball, 8LM)
Batting: RHB Enzo Díaz 0-0: Swinging Strike
0-1: Ground out 6-3 (Groundball, 6)
Top of the 1st over - 0 run(s), 0 hit(s), 0 error(s), 0 left on base; Greenville 0 - St. Louis 0
BOTTOM OF THE 1ST
St. Louis Browns batting - Pitching for Greenville 84s : RHP Andrés Vázquez
Pitching: RHP Andrés Vázquez
Batting: SHB Ryobe Yamamoto 0-0: Foul Ball, location: 2F
0-1: Ball
1-1: Called Strike
1-2: SINGLE (Groundball, 6D)
Batting: RHB José Flores 0-0: Called Strike
0-1: Swinging Strike
0-2: Ball
1-2: Fielders Choice at 2nd, 6-4 (Groundball, 56)
Batting: LHB Jorge Torres 0-0: Ball
1-0: Foul Ball, location: 2F
1-1: Called Strike
1-2: Ball
2-2: Foul Ball, location: 2F
2-2: DOUBLE (Flyball, 78D)
José Flores to third
Batting: LHB Robin Hill 0-0: SINGLE (Line Drive, 34)
José Flores scores
Jorge Torres to third
Batting: RHB Anthony Rucker 0-0: Ball
1-0: Ball
2-0: Fly out, F7 (Flyball, 7)
Runner from 3rd tags up, SCORES, throw made
Batting: RHB Danny Walker 0-0: Called Strike
0-1: Called Strike
0-2: Foul Ball, location: 2F
0-2: Fly out, F8 (Flyball, 8RXD)
Bottom of the 1st over - 2 run(s), 3 hit(s), 0 error(s), 1 left on base; Greenville 0 - St. Louis 2
TOP OF THE 2ND
Greenville 84s batting - Pitching for St. Louis Browns : RHP Aaron Palmer
Batting: LHB Brock Larsen 0-0: Ball
1-0: Called Strike
1-1: Foul Ball, location: 2F
1-2: Ball
2-2: Ball
3-2: Foul Ball, location: 2F
3-2: Foul Ball, location: 2F
3-2: Fly out, F9 (Line Drive, 9)
Batting: LHB Paco Rosas 0-0: Called Strike
0-1: Foul Ball, location: 2F
0-2: Ball
1-2: Ball
2-2: Fly out, F8 (Flyball, 8LD)
Batting: LHB Jimmy Vickers 0-0: Ball
1-0: Ball
2-0: Ball
3-0: Base on Balls
Batting: RHB Owen Carter 0-0: Swinging Strike
0-1: Foul Ball, location: 2F
0-2: Ball
1-2: Fly out, F9 (Flyball, 9LSF)
Top of the 2nd over - 0 run(s), 0 hit(s), 0 error(s), 1 left on base; Greenville 0 - St. Louis 2
BOTTOM OF THE 2ND
St. Louis Browns batting - Pitching for Greenville 84s : RHP Andrés Vázquez
Batting: LHB Junior Coates 0-0: Ball
1-0: Foul Ball, location: 2F
1-1: Ball
2-1: Swinging Strike
2-2: Ground out U3 (Groundball, 34)
Batting: RHB Vicente Valentín 0-0: Foul Ball, location: 2F
0-1: Ball
1-1: Fly out, F6 (Line Drive, 6)
Batting: RHB Adrian Prouse 0-0: Ball
1-0: Ball
2-0: Ball
3-0: Called Strike
3-1: Foul Ball, location: 2F
3-2: Base on Balls
Batting: SHB Ryobe Yamamoto 0-0: Ball
1-0: Swinging Strike
1-1: Ball
2-1: SINGLE (Groundball, 6D)
Adrian Prouse to second
Batting: RHB José Flores 0-0: Fielders Choice at 2nd, 6-4 (Groundball, 6)
Bottom of the 2nd over - 0 run(s), 1 hit(s), 0 error(s), 1 left on base; Greenville 0 - St. Louis 2
TOP OF THE 3RD
Greenville 84s batting - Pitching for St. Louis Browns : RHP Aaron Palmer
Batting: RHB Vic Langlois 0-0: DOUBLE (Groundball, 5L)
Batting: LHB Robert Moore 0-0: Ball
1-0: Foul Ball, location: 2F
1-1: Called Strike
1-2: Foul Ball, location: 2F
1-2: Strikes out swinging
Batting: RHB Carlos Torres 0-0: SINGLE (Groundball, 34D)
Vic Langlois to third
Runner from 3rd tries for Home, SAFE, no throw
Batting: LHB Chris Moore 0-0: Called Strike
0-1: Foul Ball, location: 2F
0-2: Ball
1-2: 2-RUN HOME RUN (Line Drive, 8RXD), Distance : 418 ft
Batting: RHB Enzo Díaz 0-0: Called Strike
0-1: Foul Ball, location: 2F
0-2: Ball
1-2: Foul Ball, location: 2F
1-2: Ball
2-2: Foul Ball, location: 2F
2-2: Ball
3-2: Foul Ball, location: 2F
3-2: Foul Ball, location: 2F
3-2: Foul Ball, location: 2F
3-2: SINGLE (Groundball, 6) (infield hit)
Batting: LHB Brock Larsen 0-0: Called Strike
0-1: Ball
1-1: Ball
2-1: Fly out, F7 (Flyball, 78D)
Batting: LHB Paco Rosas 0-0: Called Strike
0-1: Called Strike
0-2: Fly out, F7 (Flyball, 78D)
Top of the 3rd over - 3 run(s), 4 hit(s), 0 error(s), 1 left on base; Greenville 3 - St. Louis 2
BOTTOM OF THE 3RD
St. Louis Browns batting - Pitching for Greenville 84s : RHP Andrés Vázquez
Batting: LHB Jorge Torres 0-0: SINGLE (Popup, 4D)
Batting: LHB Robin Hill 0-0: Ball
1-0: Ball
2-0: Called Strike
2-1: Ball
3-1: SINGLE (Groundball, 34) (infield hit)
Jorge Torres to second
Batting: RHB Anthony Rucker 0-0: Ball
1-0: Called Strike
1-1: Called Strike
1-2: Strikes out swinging
Batting: RHB Danny Walker 0-0: Swinging Strike
0-1: Ball
1-1: Swinging Strike
1-2: Strikes out swinging
Batting: LHB Junior Coates 0-0: Ball
1-0: Ball
2-0: SINGLE (Line Drive, 6MD)
Jorge Torres to third
Robin Hill to second
Runner from 3rd tries for Home, SAFE, throw made home
Batting: RHB Vicente Valentín 0-0: Ball
1-0: Fly out, F5 (Line Drive, 5S)
Bottom of the 3rd over - 1 run(s), 3 hit(s), 0 error(s), 2 left on base; Greenville 3 - St. Louis 3
TOP OF THE 4TH
Greenville 84s batting - Pitching for St. Louis Browns : RHP Aaron Palmer
Batting: LHB Jimmy Vickers 0-0: Swinging Strike
0-1: Ball
1-1: Ball
2-1: Fly out, F8 (Flyball, 8LS)
Batting: RHB Owen Carter 0-0: Ball
1-0: Hit by Pitch
Batting: RHB Vic Langlois 0-0: Foul Ball, location: 2F
0-1: Called Strike
0-2: Foul Ball, location: 2F
0-2: Strikes out swinging
Batting: LHB Robert Moore 0-0: Ball
1-0: Ball
2-0: Ball
3-0: Called Strike
3-1: Called Strike
3-2: DOUBLE (Flyball, 89XD)
Owen Carter to third
Owen Carter scores
Batting: RHB Carlos Torres 0-0: Foul Ball, location: 2F
0-1: Ball
1-1: SINGLE (Groundball, 4MS) (infield hit)
Robert Moore to third
Batting: LHB Chris Moore 0-0: Ball
Pickoff Throw to First - Error! E1
Robert Moore scores
Carlos Torres to second
1-0: Foul Ball, location: 2F
1-1: Foul Ball, location: 2F
1-2: SINGLE (Groundball, 4MD)
Carlos Torres to third
Runner from 3rd tries for Home, SAFE, throw made home
Batting: RHB Enzo Díaz 0-0: Ball
1-0: Called Strike
1-1: Ball
2-1: Foul Ball, location: 2F
2-2: Ball
3-2: Fly out, F2 (Popup, 13S)
Top of the 4th over - 3 run(s), 3 hit(s), 1 error(s), 1 left on base; Greenville 6 - St. Louis 3
BOTTOM OF THE 4TH
St. Louis Browns batting - Pitching for Greenville 84s : RHP Andrés Vázquez
Batting: RHB Adrian Prouse 0-0: Called Strike
0-1: Ball
1-1: Foul Ball, location: 2F
1-2: Foul Ball, location: 2F
1-2: SOLO HOME RUN (Flyball, 7D), Distance : 363 ft
Batting: SHB Ryobe Yamamoto 0-0: Ball
1-0: Called Strike
1-1: Ball
2-1: Called Strike
2-2: Ball
3-2: Ground out 1-3 (Groundball, 13)
Batting: RHB José Flores 0-0: Fly out, F8 (Flyball, 8RM)
Batting: LHB Jorge Torres 0-0: Ball
1-0: Fly out, F5 (Popup, 5L)
Bottom of the 4th over - 1 run(s), 1 hit(s), 0 error(s), 0 left on base; Greenville 6 - St. Louis 4
TOP OF THE 5TH
Greenville 84s batting - Pitching for St. Louis Browns : RHP Aaron Palmer
Pitching: RHP Kitahachi Okada
Batting: LHB Brock Larsen 0-0: Swinging Strike
0-1: Ball
1-1: Called Strike
1-2: Strikes out swinging
Batting: LHB Paco Rosas 0-0: Ball
1-0: Ground out U3 (Groundball, 34)
Batting: LHB Jimmy Vickers 0-0: Ball
1-0: Ball
2-0: Foul Ball, location: 2F
2-1: Ball
3-1: Swinging Strike
3-2: Strikes out looking
Top of the 5th over - 0 run(s), 0 hit(s), 0 error(s), 0 left on base; Greenville 6 - St. Louis 4
BOTTOM OF THE 5TH
St. Louis Browns batting - Pitching for Greenville 84s : RHP Andrés Vázquez
Batting: LHB Robin Hill 0-0: Called Strike
0-1: Called Strike
0-2: Ball
1-2: SINGLE (Groundball, 4D)
Batting: RHB Anthony Rucker 0-0: Ball
1-0: SINGLE (Groundball, 56D)
Robin Hill to second
Batting: RHB Danny Walker 0-0: Called Strike
Robin Hill is caught stealing 3rd base
Anthony Rucker to second
0-1: Ball
1-1: Ball
2-1: Fly out, F8 (Flyball, 78D)
Batting: LHB Junior Coates 0-0: Ball
1-0: Ball
Wild Pitch!
Anthony Rucker to third
2-0: Fly out, F8 (Flyball, 8RS)
Bottom of the 5th over - 0 run(s), 2 hit(s), 0 error(s), 1 left on base; Greenville 6 - St. Louis 4
TOP OF THE 6TH
Greenville 84s batting - Pitching for St. Louis Browns : RHP Kitahachi Okada
Batting: RHB Owen Carter 0-0: Ball
1-0: Ball
2-0: Ball
3-0: Called Strike
3-1: Fly out, F6 (Line Drive, 6)
Batting: RHB Vic Langlois 0-0: Swinging Strike
0-1: Ball
1-1: Swinging Strike
1-2: Foul Ball, location: 2F
1-2: Ball
2-2: Strikes out swinging
Batting: LHB Robert Moore 0-0: Ball
1-0: Reached via error on a dropped throw, E3
Batting: RHB Carlos Torres 0-0: Called Strike
0-1: Ball
1-1: SINGLE (Line Drive, 56)
Robert Moore to second
Batting: LHB Chris Moore 0-0: Called Strike
0-1: Called Strike
0-2: Ball
1-2: Strikes out swinging
Top of the 6th over - 0 run(s), 1 hit(s), 1 error(s), 2 left on base; Greenville 6 - St. Louis 4
BOTTOM OF THE 6TH
St. Louis Browns batting - Pitching for Greenville 84s : RHP Andrés Vázquez
Pitching: RHP Tomás González
Batting: RHB Vicente Valentín 0-0: Foul Ball, location: 2F
0-1: Called Strike
0-2: Strikes out swinging
Batting: RHB Adrian Prouse 0-0: Fly out, F9 (Flyball, 9LMF)
Batting: SHB Ryobe Yamamoto 0-0: Called Strike
0-1: Swinging Strike
0-2: Ball
1-2: Fly out, F8 (Flyball, 78XD)
Bottom of the 6th over - 0 run(s), 0 hit(s), 0 error(s), 0 left on base; Greenville 6 - St. Louis 4
TOP OF THE 7TH
Greenville 84s batting - Pitching for St. Louis Browns : RHP Kitahachi Okada
Batting: RHB Enzo Díaz 0-0: Called Strike
0-1: Swinging Strike
0-2: SINGLE (Line Drive, 89S)
Pitching: LHP Santiago Valentín
Batting: LHB Brock Larsen 0-0: Called Strike
0-1: Ball
1-1: Ball
2-1: Called Strike
Enzo Díaz steals 2nd base
2-2: Foul Ball, location: 2F
2-2: 2-RUN HOME RUN (Flyball, 78XD), Distance : 407 ft
Batting: LHB Paco Rosas 0-0: Foul Ball, location: 2F
0-1: Ball
1-1: Fly out, F8 (Flyball, 8RD)
Pitching: RHP Rob Hill
Batting: LHB Jimmy Vickers 0-0: Ball
1-0: Ball
2-0: Ball
3-0: Base on Balls
Batting: RHB Owen Carter 0-0: Called Strike
0-1: Ball
1-1: Ball
2-1: Foul Ball, location: 2F
2-2: SINGLE (Line Drive, 34)
Jimmy Vickers to second
Batting: RHB Vic Langlois 0-0: SINGLE (Flyball, 4D)
Jimmy Vickers to third
Owen Carter to second
Pitching: LHP Darren Blackwell
Batting: LHB Robert Moore 0-0: Foul Ball, location: 2F
0-1: Fly out, F8 (Flyball, 8RD)
Runner from 3rd tags up, SCORES, no throw
Batting: RHB Carlos Torres 0-0: Ball
1-0: Swinging Strike
1-1: Foul Ball, location: 2F
1-2: Ball
2-2: Ball
3-2: SINGLE (Groundball, 4MD)
Owen Carter to third
Vic Langlois to second
Owen Carter scores
Vic Langlois to third
Pitching: RHP John Allan
Batting: LHB Chris Moore 0-0: Ball
1-0: Ball
2-0: Called Strike
2-1: Foul Ball, location: 2F
2-2: Strikes out swinging
Top of the 7th over - 4 run(s), 5 hit(s), 0 error(s), 2 left on base; Greenville 10 - St. Louis 4
BOTTOM OF THE 7TH
St. Louis Browns batting - Pitching for Greenville 84s : RHP Tomás González
Batting: RHB José Flores 0-0: Foul Ball, location: 2F
0-1: Called Strike
0-2: Foul Ball, location: 2F
0-2: Strikes out looking
Batting: LHB Jorge Torres 0-0: Foul Ball, location: 2F
0-1: Ball
1-1: Reached on error, E3 (Groundball, 34)
Batting: LHB Robin Hill 0-0: Ball
1-0: Called Strike
1-1: Called Strike
1-2: Foul Ball, location: 2F
1-2: Foul Ball, location: 2F
1-2: Ball
2-2: 2-RUN HOME RUN (Flyball, 9LD), Distance : 330 ft
Batting: RHB Anthony Rucker 0-0: Ball
1-0: SINGLE (Line Drive, 4D)
Batting: RHB Danny Walker 0-0: Swinging Strike
0-1: Called Strike
0-2: Strikes out swinging
Batting: LHB Junior Coates 0-0: Ball
1-0: Ball
2-0: Called Strike
2-1: Ball
3-1: SINGLE (Line Drive, 89M)
Anthony Rucker to second
Batting: RHB Vicente Valentín 0-0: Called Strike
0-1: Swinging Strike
0-2: Ball
1-2: Foul Ball, location: 2F
1-2: Foul Ball, location: 2F
1-2: Strikes out swinging
Bottom of the 7th over - 2 run(s), 3 hit(s), 1 error(s), 2 left on base; Greenville 10 - St. Louis 6
TOP OF THE 8TH
Greenville 84s batting - Pitching for St. Louis Browns : RHP John Allan
Batting: RHB Enzo Díaz 0-0: Foul Ball, location: 2F
0-1: Ball
1-1: Ball
2-1: Swinging Strike
2-2: Ball
3-2: Base on Balls
Batting: LHB Brock Larsen 0-0: Ball
1-0: Ball
2-0: Called Strike
2-1: Fly out, F8 (Flyball, 8LD)
Batting: LHB Paco Rosas 0-0: Called Strike
0-1: Called Strike
0-2: Fielders Choice at 2nd, 4-6 (Groundball, 34D)
Batting: LHB Jimmy Vickers 0-0: Ball
1-0: Ball
2-0: Ball
3-0: SINGLE (Groundball, 56D)
Paco Rosas to second
Batting: RHB Owen Carter 0-0: Foul Ball, location: 2F
0-1: Ball
1-1: Foul Ball, location: 2F
1-2: Ground out 4-3 (Groundball, 4MS)
Top of the 8th over - 0 run(s), 1 hit(s), 0 error(s), 2 left on base; Greenville 10 - St. Louis 6
BOTTOM OF THE 8TH
St. Louis Browns batting - Pitching for Greenville 84s : RHP Tomás González
Batting: RHB Adrian Prouse 0-0: Ball
1-0: Called Strike
1-1: Ground out 4-3 (Groundball, 4)
Batting: SHB Ryobe Yamamoto 0-0: Called Strike
0-1: SINGLE (Groundball, 6D)
Batting: RHB José Flores 0-0: Grounds into double play, 6-4-3 (Groundball, 6)
Bottom of the 8th over - 0 run(s), 1 hit(s), 0 error(s), 0 left on base; Greenville 10 - St. Louis 6
TOP OF THE 9TH
Greenville 84s batting - Pitching for St. Louis Browns : RHP John Allan
Batting: RHB Vic Langlois 0-0: Ball
1-0: Called Strike
1-1: Ground out 5-3 (Groundball, 5)
Batting: LHB Robert Moore 0-0: Called Strike
0-1: Ball
1-1: Fly out, F4 (Popup, 4)
Batting: RHB Carlos Torres 0-0: Ball
1-0: Ball
2-0: Ball
3-0: Base on Balls
Pitching: LHP Miguel Martínez
Batting: LHB Chris Moore 0-0: Fly out, F7 (Flyball, 78M)
Top of the 9th over - 0 run(s), 0 hit(s), 0 error(s), 1 left on base; Greenville 10 - St. Louis 6
BOTTOM OF THE 9TH
St. Louis Browns batting - Pitching for Greenville 84s : RHP Tomás González
Batting: LHB Jorge Torres 0-0: Called Strike
0-1: Ball
1-1: Foul Ball, location: 2F
1-2: Ball
2-2: Ball
3-2: Fly out, F7 (Flyball, 7LS)
Pitching: RHP Robinson Gonzáles
Batting: LHB Robin Hill 0-0: Ball
1-0: Ball
2-0: Foul Ball, location: 2F
2-1: SINGLE (Line Drive, 8LS)
Batting: RHB Anthony Rucker 0-0: Swinging Strike
0-1: Swinging Strike
0-2: Strikes out swinging
Batting: RHB Danny Walker 0-0: Called Strike
0-1: Foul Ball, location: 2F
0-2: Ball
1-2: Foul Ball, location: 2F
1-2: Foul Ball, location: 2F
1-2: Strikes out swinging
Bottom of the 9th over - 0 run(s), 1 hit(s), 0 error(s), 1 left on base; Greenville 10 - St. Louis 6
Thursday, March 30th, 2017 - OOTP Baseball 17.12 Build 75